 Dungeon Sprint DCSS version 0.30-a0-913-g9934a0ce24 (webtiles) character file.

Game seed: 9133302148001989594

25140293 rocky1 the Swordmaster (level 19, 207/207 HPs)
             Began as a Minotaur Gladiator on Mar 16, 2023.
             Was an Initiate of Gozag.
             Escaped with the Orb
             ... and 10 runes on Mar 20, 2023!
             The game lasted 01:50:09 (25616 turns).

rocky1 the Swordmaster (Minotaur Gladiator)        Turns: 25616, Time: 01:50:09

Health: 207/207    AC: 36    Str: 27    XL:     19   Next: 58%
Magic:  25/25      EV: 36    Int:  7    God:    Gozag
Gold:   5878       SH: 30    Dex: 31    Spells: 18/18 levels left

rFire   + . .      SeeInvis +    Q - +8 double sword (heavy)
rCold   + . .      Faith    .    s - +0 tower shield of the World {Rampage rElec Str-3 Slay+4}
rNeg    + + +      Spirit   .    J - +5 chain mail of Altruism {rPois rN+}
rPois   +          Reflect  .    V - +2 hat {Stlth+}
rElec   +          Rampage  +    c - +1 cloak of Lightning Storm {Str+3 Dex+6}
rCorr   .          NoTele   +    v - +2 pair of gloves {Str+3}
Will    +....                    u - +2 pair of boots of the Pit {rF+ rC+ rN+ Regen+}
Stlth   ++                       G - macabre finger necklace {Finger+ rN+}
HPRegen 1.34/turn                r - ring "Vismed" {Fly Dex+6}
MPRegen 0.19/turn                N - ring "Qanuh" {rF+ MP+9 Str+3 Dex+2 SInv}
                                 H - ring "Vamnuceg" {Wiz Str+5 Slay+3}

@: flying, studying 3 skills
A: horns 2, retaliatory headbutt, deterioration 1, low MP 1, mutation resistance
1, weak 2, heat vulnerability 1, inability to drink after injury 2, inability to
read after injury 1
0: Orb of Zot
}: 10/10 runes: serpentine, barnacled, slimy, silver, golden, iron, obsidian,
icy, bone, demonic
a: Renounce Religion, Potion Petition, Call Merchant, Bribe Branch


You escaped.
You worshipped Gozag.
Gozag was greatly pleased with you.
You visited 1 branch You collected 43366 gold pieces.
You spent 16044 gold pieces at shops.
You paid 21444 gold pieces to Gozag.

Inventory:

Hand Weapons
 Q - a +8 heavy double sword (weapon)
Missiles
 d - 2 throwing nets
 e - 8 javelins
 g - 6 curare-tipped darts (quivered)
 C - 18 silver javelins
Armour
 c - the +1 cloak of Lightning Storm (worn) {Str+3 Dex+6}
   (You acquired it in the Dungeon)

   Str:       It affects your strength (+3).
   Dex:       It affects your dexterity (+6).
 n - the +1 pair of boots "Coixeat" {rElec}
   (You acquired it in the Dungeon)

   rElec:     It insulates you from electricity.
 s - the +0 tower shield of the World (worn) {Rampage rElec Str-3 Slay+4}
   (You acquired it in the Dungeon)

   Str:       It affects your strength (-3).
   Slay:      It affects your accuracy & damage with ranged weapons and melee
   (+4).
   rElec:     It insulates you from electricity.
   Rampage:   It bestows one free step when moving towards enemies.
 u - the +2 pair of boots of the Pit (worn) {rF+ rC+ rN+ Regen+}
   (You found it in the Dungeon)

   rF:        It protects you from fire.
   rC:        It protects you from cold.
   rN:        It protects you from negative energy.
   Regen:     It increases your rate of health regeneration.
 v - a +2 pair of gloves of strength (worn)
 w - the +4 dragonskin cloak
   (You took it off Tiamat in the Dungeon)

   Avatar's Aegis: It grants the wearer a chance to resist fire, cold, poison,
   electricity, acid, and negative energy.
 J - the +5 chain mail of Altruism (worn) {rPois rN+}
   (You bought it in a shop in the Dungeon)

   rPois:     It protects you from poison.
   rN:        It protects you from negative energy.
 M - the orb of Dispater {+Damnation *Corrode AC+5}
   (You took it off Dispater in the Dungeon)

   +Damnation: It grants the ability to hurl damnation at the cost of health and
   magic, with strength depending on Evocations skill.
   AC:        It affects your AC (+5).
   *Corrode:  It may corrode you when you take damage.
 V - a +2 hat of stealth (worn)
Jewellery
 h - a +4 ring of slaying
 q - the ring of Yredelemnul's Fury {Fly Str+3 Int+4}
   (You took it off a royal mummy in the Dungeon)

   [ring of flight]

   Str:       It affects your strength (+3).
   Int:       It affects your intelligence (+4).
   Fly:       It grants you flight.
 r - the ring "Vismed" (left hand) {Fly Dex+6}
   (You found it in the Dungeon)

   [ring of dexterity]

   Dex:       It affects your dexterity (+6).
   Fly:       It grants you flight.
 t - the ring of Foemu {Fly Will++}
   (You bought it in a shop in the Dungeon)

   [ring of flight]

   Fly:       It grants you flight.
   Will:      It greatly increases your willpower.
 y - the dreamshard necklace {*Dream Drain}
   (You bought it in a shop in the Dungeon)

   [amulet of nothing]

   *Dream:    It shatters if its wearer takes lethal or near-lethal damage,
   preventing the blow and releasing protective dreams that heal and fight for
   the wearer.
   Drain:     It drains your maximum health when unequipped.
 G - the macabre finger necklace (around neck) {Finger+ rN+}
   (You bought it in a shop in the Dungeon)

   [amulet of nothing]

   Finger+:   It enables you to equip an extra ring.
   rN:        It protects you from negative energy.
 H - the ring "Vamnuceg" (on amulet) {Wiz Str+5 Slay+3}
   (You bought it in a shop in the Dungeon)

   [ring of wizardry]

   It improves your spell success rate.
   Str:       It affects your strength (+5).
   Slay:      It affects your accuracy & damage with ranged weapons and melee
   (+3).
 I - the ring "Esmot" {Str+2 Dex+6 SInv}
   (You found it in the Dungeon)

   [ring of dexterity]

   Str:       It affects your strength (+2).
   Dex:       It affects your dexterity (+6).
   SInv:      It lets you see invisible.
 K - the ring "Oddylin" {rPois rC++ Str+3 Int-4}
   (You found it in the Dungeon)

   [ring of poison resistance]

   Str:       It affects your strength (+3).
   Int:       It affects your intelligence (-4).
   rC:        It greatly protects you from cold.
   rPois:     It protects you from poison.
 N - the ring "Qanuh" (right hand) {rF+ MP+9 Str+3 Dex+2 SInv}
   (You found it in the Dungeon)

   [ring of see invisible]

   Str:       It affects your strength (+3).
   Dex:       It affects your dexterity (+2).
   rF:        It protects you from fire.
   MP:        It affects your magic capacity (+9).
   SInv:      It lets you see invisible.
 Y - the ring "Tinoxuf" {*Corrode Drain rN+++ Int+6 Dex+5}
   (You took it off a deep elf high priest in the Dungeon)

   [ring of intelligence]

   Int:       It affects your intelligence (+6).
   Dex:       It affects your dexterity (+5).
   rN:        It renders you almost immune to negative energy.
   *Corrode:  It may corrode you when you take damage.
   Drain:     It drains your maximum health when unequipped.
 Z - an amulet of the acrobat
Wands
 m - a wand of charming (6)
 A - a wand of roots (32)
 L - a wand of digging (4)
Scrolls
 a - 3 scrolls of brand weapon
 k - 4 scrolls of blinking
 l - a scroll of poison
 z - 5 scrolls of fog
 F - a scroll of silence
 R - 2 scrolls of enchant armour
Potions
 b - 4 potions of berserk rage
 f - 17 potions of curing
 i - 2 potions of magic
 j - 2 potions of might
 o - 8 potions of flight
 p - a potion of brilliance
 B - 2 potions of lignification
 D - a potion of ambrosia
 E - 3 potions of haste
 O - 6 potions of attraction
 S - 5 potions of resistance
 U - 12 potions of heal wounds
Miscellaneous
 P - a phial of floods
 T - a condenser vane
 X - a lightning rod (4/4)


   Skills:
 O Level 27 Fighting
 O Level 27 Long Blades
 O Level 27 Throwing
 O Level 27 Armour
 O Level 27 Dodging
 + Level 16.7 Stealth
 O Level 27 Shields
 O Level 27 Evocations


You had 18 spell levels left.
You didn't know any spells.
Your spell library contained the following spells:

 Spells                   Type           Power      Damage    Failure   Level
 Apportation              Tloc           0%         N/A       36%         1
 Sandblast                Erth           0%         2d4       36%         1
 Slow                     Hex            0%         N/A       36%         1
 Sting                    Tmut/Pois      0%         1d3       36%         1
 Cigotuvi's Dreadful Rot  Necr/Pois/Air  0%         N/A       50%         2
 Poisonous Vapours        Pois/Air       0%         N/A       50%         2
 Call Canine Familiar     Summ           0%         N/A       71%         3
 Confusing Touch          Hex            0%         N/A       71%         3
 Dazzling Flash           Conj/Hex       0%         N/A       71%         3
 Gell's Gravitas          Tloc           0%         N/A       71%         3
 Ignite Poison            Fire/Tmut/Pois 0%         N/A       71%         3
 Inner Flame              Hex/Fire       0%         N/A       71%         3
 Kindle Blastsparks       Fire/Tloc/Air  0%         2d10      71%         3
 Mephitic Cloud           Conj/Pois/Air  0%         N/A       71%         3
 Portal Projectile        Hex/Tloc       0%         N/A       71%         3
 Stone Arrow              Conj/Erth      0%         3d7       71%         3
 Summon Guardian Golem    Hex/Summ       0%         N/A       71%         3
 Vampiric Draining        Necr           0%         2d6       71%         3
 Vhi's Electric Charge    Tloc/Air       0%         N/A       71%         3
 Flame Wave               Conj/Fire      0%         2d4       98%         4
 Leda's Liquefaction      Hex/Erth       0%         N/A       98%         4
 Olgreb's Toxic Radiance  Pois           0%         N/A       98%         4
 Sticky Flame             Conj/Fire      0%         2d3       98%         4
 Agony                    Necr           0%         N/A       100%        5
 Alistair's Intoxication  Tmut/Pois      0%         N/A       100%        5
 Freezing Cloud           Conj/Ice/Air   0%         6-21      100%        5
 Lee's Rapid Deconstruct  Erth           0%         3d4*      100%        5
 Silence                  Hex/Air        0%         N/A       100%        5
 Yara's Violent Unravell  Hex/Tmut       0%         3d3       100%        5
 Conjure Ball Lightning   Conj/Air       0%         3x3d6     100%        6
 Eringya's Noxious Bog    Tmut/Pois      0%         N/A       100%        6
 Statue Form              Tmut/Erth      0%         N/A       100%        6
 Enfeeble                 Hex            0%         N/A       100%        7
 Orb of Destruction       Conj           0%         9d5       100%        7
 Spellforged Servitor     Conj/Summ      0%         N/A       100%        7
 Discord                  Hex            0%         N/A       100%        8
 Disjunction              Tloc           0%         N/A       100%        8


Dungeon Overview and Level Annotations

Branches:
Dungeon (1/1)

Altars:
Cheibriados
Dithmenos
Elyvilon
Fedhas
Gozag
Hepliaklqana
Kikubaaqudgha
Makhleb
Nemelex Xobeh
Okawaru
Qazlal
Ru
Sif Muna
Trog
Uskayaw
Vehumet
Wu Jian
Xom
Yredelemnul
Zin
The Shining One
Jiyva
Lugonu

Shops:
D =?[*[![!:=?=[(=[[[[??([*[!:([=?[!*


Innate Abilities, Weirdness & Mutations

You have a pair of horns on your head.
You reflexively headbutt those who attack you in melee.
Your body sometimes deteriorates upon taking damage.
Your magical capacity is low. (-10% MP)
You are somewhat resistant to further mutation.
You are very weak. (Str -4)
You are vulnerable to heat. (rF-)
You sometimes lose the ability to drink potions when taking damage.
You occasionally lose the ability to read scrolls when taking damage.


Message History

There is an open door here.
There is an open door here.
Items here: )) [[.
There is an open door, spattered with blood here.
There is an open door here.
There is an open door here.
You see here a +1 longbow of flaming.
You see here a +1 longbow of flaming.
There is an open door here.
There is an open door here.
There is an open door here.
A rust devil comes into view.
You rampage towards the rust devil!
You slice the rust devil like a ripe choko!!!!
You kill the rust devil!
You now have 5878 gold pieces (gained 54).
There is an open door here.
You see here a +0 war axe.
Things that are here:
a +0 leather armour; a +0 long sword
Things that are here:
a +0 leather armour; a +0 club
There is an open door here.
There is an open door, spattered with blood here.
There is an open door here.
Things that are here:
a +0 giant spiked club; a +0 giant club You see here a +0 great mace of freezing.
Things that are here:
a +0 giant club; a +0 giant spiked club
Items here: ( ))) [[[.
Items here: )))))).
There is an open door here.
There is an open door here.
There is a fountain of clear blue water here.
There is an open door to the Ecumenical Temple, spattered with blood here.
There is a staircase leading out of the dungeon here.
You can't go down here!
Unknown command.
You have escaped!

▓▓▓▓▓▓▓▓▓ ▓▓
▓@..#...#### ##.
▓...#......#####..
▓..##....)..#..#..
▓##.##.##...#..#..
##.##.###..##'#..
▓#.####.##..###...
▓.###..##..####...
▓#.....##..###....
###..##...##.....


There were no monsters in sight!

Vanquished Creatures
  Antaeus (D)
  3 pandemonium lords (D)
  the Royal Jelly (D)
  Ereshkigal (D)
  the Serpent of Hell (D)
  Gloorx Vloq (D)
  Tiamat (D)
  Dispater (D)
  An ancient lich (D)
  An orb of fire (D)
  Mara (D)
  Mennas (D)
  Sojobo (D)
  5 royal mummies (D)
  Boris (D)
  Sigmund (D)
  Geryon (D)
  2 Brimstone Fiends (D)
  Nellie (D)
  Rupert (D)
  An iron giant (D)
  2 Orb Guardians (D)
  3 Hell Sentinels (D)
  3 liches (D)
  5 Ice Fiends (D)
  A quicksilver dragon (D)
  2 deep elf blademasters (D)
  A deep elf master archer (D)
  4 acid blobs (D)
  An Executioner (D)
  A titan (D)
  2 sphinxes (D)
  A sphinx (shapeshifter) (D)
  A kraken (D)
  An ancient champion (D)
  2 storm dragons (D)
  Gastronok (D)
  Chuck (D)
  9 azure jellies (D)
  4 shadow dragons (D)
  Roxanne (D)
  5 rockslimes (D)
  A nagaraja (D)
  A draconian knight (D)
  4 fire giants (D)
  3 frost giants (D)
  An iron dragon (D)
  2 draconian scorchers (D)
  A draconian shifter (D)
  3 ghost moths (D)
  4 war gargoyles (D)
  5 quicksilver oozes (D)
  3 draconian stormcallers (D)
  2 stone giants (D)
  Nessos (D)
  2 deep elf annihilators (D)
  2 vampire knights (D)
  2 deep elf demonologists (D)
  2 dire elephants (D)
  A yellow draconian (D)
  Azrael (D)
  2 iron golems (D)
  8 mummy priests (D)
  A deep elf death mage (D)
  A deep elf high priest (D)
  A fire dragon (D)
  18 vault guards (D)
  2 yaktaur captains (D)
  2 hell beasts (D)
  Erolcha (D)
  An ogre mage (D)
  A hydra (shapeshifter) (D)
  An alligator snapping turtle (D)
  2 hydras (D)
  An ice dragon (shapeshifter) (D)
  5 anacondas (D)
  2 centaur warriors (D)
  4 dancing weapons (D)
  A naga warrior (D)
  2 iron elementals (D)
  Urug (D)
  4 death yaks (D)
  2 titan zombies (D)
  2 sun demons (D)
  4 hell knights (D)
  4 orc high priests (D)
  2 soul eaters (D)
  3 deep elf knights (D)
  A shadow wraith (D)
  A death drake (shapeshifter) (D)
  5 skeletal warriors (D)
  A death drake (D)
  2 glowing orange brains (shapeshifter) (D)
  A shadow demon (D)
  A spriggan druid (D)
  A glowing orange brain (D)
  An anaconda zombie (D)
  An orange crystal statue (D)
  A lindwurm (D)
  2 obsidian statues (D)
  3 kraken simulacra (D)
  3 shining eyes (D)
  2 deep elf zephyrmancers (D)
  2 oklob plants (D)
  3 deep elf pyromancers (D)
  An orc sorcerer (D)
  4 crystal guardians (D)
  An ugly thing (D)
  6 black mambas (D)
  2 elephants (D)
  A moth of wrath (D)
  A guardian serpent (D)
  A stone giant skeleton (D)
  4 rust devils (D)
  9 statues (D)
  Edmund (D)
  A molten gargoyle (D)
  2 smoke demons (D)
  6 hellions (D)
  2 cane toads (D)
  A rime drake (D)
  15 yaktaurs (D)
  A komodo dragon (D)
  25 guardian mummies (D)
  2 ice devils (D)
  A queen bee (D)
  4 spriggan defenders (D)
  2 tyrant leeches (D)
  8 blink frogs (D)
  3 hornets (D)
  5 snapping turtles (D)
  2 spriggans (D)
  12 shadows (D)
  13 slime creatures (D)
  A large abomination (D)
  5 redbacks (D)
  A golden eye (D)
  3 iron troll simulacra (D)
  A spatial vortex (D)
  2 nagas (D)
  3 hydra simulacra (D)
  5 floating eyes (D)
  A swamp drake (D)
  5 orc warriors (D)
  A black mamba simulacrum (D)
  5 two-headed ogres (D)
  A necrophage (D)
  A water elemental (D)
  32 killer bees (D)
  2 electric eels (D)
  3 wandering mushrooms (D)
  11 quasits (D)
  2 orc priests (D)
  A jelly (D)
  Jessica (D)
  A wizard (D)
  2 necromancers (D)
  3 orc wizards (D)
  A wolf simulacrum (D)
  3 humans (D)
  A kobold demonologist (D)
  3 adders (D)
  A phantom (D)
  7 orcs (D)
  3 rats (D)
  A ball lightning (D)
  7 butterflies (D)
  3 plants (D)
  4 tentacles (D)
492 creatures vanquished.

Vanquished Creatures (others)
  Nikola (D)
  3 ball lightnings (D)
  4 ballistomycete spores (D)
  A bush (D)
  30 plants (D)
  14 tentacles (D)
53 creatures vanquished.

Grand Total: 545 creatures vanquished

Notes
Turn   | Place    | Note
-------+----------+-------------------------------------------
     0 | D        | rocky1 the Minotaur Gladiator began the quest for the Orb.
     0 | D        | Reached XP level 1. HP: 18/18 MP: 0/0
    26 | D        | Noticed Jessica
    34 | D        | Killed Jessica
    35 | D        | Reached XP level 2. HP: 13/25 MP: 1/1
   220 | D        | Reached XP level 3. HP: 30/30 MP: 2/2
   440 | D        | Gained mutation: You sometimes lose your temper in combat.
                  | [potion of mutation]
   440 | D        | Gained mutation: Your flesh is cold resistant. (rC+)
                  | [potion of mutation]
   440 | D        | Gained mutation: You have hidden genetic potential. [potion
                  | of mutation]
   545 | D        | Noticed a water elemental
   549 | D        | Killed a water elemental
   550 | D        | Reached XP level 4. HP: 19/37 MP: 3/3
   564 | D        | Gained mutation: You are partially covered in iridescent
                  | scales. (AC +2) [hidden potential]
   767 | D        | Noticed a shadow
   772 | D        | Killed a shadow
   773 | D        | Reached skill level 15 in Long Blades
   773 | D        | Reached XP level 5. HP: 42/42 MP: 4/4
   773 | D        | Reached XP level 6. HP: 50/50 MP: 5/5
   789 | D        | Gained mutation: You are mostly covered in iridescent
                  | scales. (AC +4) [hidden potential]
   789 | D        | Lost mutation: You have hidden genetic potential. [hidden
                  | potential expressed]
   823 | D        | Lost mutation: You sometimes lose your temper in combat.
                  | [potion of mutation]
   823 | D        | Lost mutation: You are mostly covered in iridescent scales.
                  | (AC +4) [potion of mutation]
   823 | D        | Gained mutation: You are robust. (+10% HP) [potion of
                  | mutation]
   823 | D        | Gained mutation: You possess an exceptional clarity of
                  | mind. [potion of mutation]
   937 | D        | Found a blossoming altar of Fedhas.
   937 | D        | Found a stormy altar of Qazlal.
   937 | D        | Found a snail-covered altar of Cheibriados.
   937 | D        | Found a burning altar of Makhleb.
   937 | D        | Found a shimmering altar of Xom.
   938 | D        | Found a hazy altar of Hepliaklqana.
   938 | D        | Found an opulent altar of Gozag.
   938 | D        | Found a sparkling altar of Nemelex Xobeh.
   938 | D        | Found a corrupted altar of Lugonu.
   938 | D        | Found a viscous altar of Jiyva.
   938 | D        | Noticed a spatial vortex
   944 | D        | Became a worshipper of Gozag Ym Sagoz the Greedy
   953 | D        | Killed a spatial vortex
   984 | D        | Found a basalt altar of Yredelemnul.
   984 | D        | Found a shadowy altar of Dithmenos.
   984 | D        | Found a sacrificial altar of Ru.
   993 | D        | Reached skill level 5 in Dodging
   994 | D        | Reached skill level 5 in Fighting
  1115 | D        | Found a hide-covered altar of Uskayaw.
  1115 | D        | Found an iron altar of Okawaru.
  1115 | D        | Found a bloodstained altar of Trog.
  1115 | D        | Found an ornate altar of the Wu Jian Council.
  1115 | D        | Noticed a human
  1117 | D        | Noticed a human
  1123 | D        | Killed a human
  1124 | D        | Reached skill level 5 in Armour
  1124 | D        | Reached XP level 7. HP: 69/69 MP: 6/6
  1128 | D        | Killed a human
  1233 | D        | Found a glowing silver altar of Zin.
  1233 | D        | Found a glowing golden altar of the Shining One.
  1233 | D        | Found a white marble altar of Elyvilon.
  1234 | D        | Noticed a deep elf pyromancer
  1237 | D        | Killed a deep elf pyromancer
  1238 | D        | Reached XP level 8. HP: 81/81 MP: 7/7
  1254 | D        | Found a radiant altar of Vehumet.
  1254 | D        | Found a shimmering blue altar of Sif Muna.
  1254 | D        | Found an ancient bone altar of Kikubaaqudgha.
  1629 | D        | Noticed a two-headed ogre
  1641 | D        | Killed a two-headed ogre
  1855 | D        | Noticed Erolcha
  1855 | D        | Noticed a two-headed ogre
  1866 | D        | Killed Erolcha
  1867 | D        | Reached skill level 10 in Fighting
  1867 | D        | Reached skill level 10 in Armour
  1867 | D        | Reached XP level 9. HP: 32/94 MP: 8/8
  1877 | D        | Killed a two-headed ogre
  1878 | D        | Reached skill level 10 in Dodging
  2177 | D        | Noticed a wandering mushroom
  2183 | D        | Noticed a wandering mushroom
  2185 | D        | Noticed a wandering mushroom
  2459 | D        | Bought a +2 pair of boots of rampaging for 215 gold pieces
  2459 | D        | Bought the +2 scale mail "Puedeblao" {Will++} for 350 gold
                  | pieces
  2459 | D        | Bought a +1 kite shield of reflection for 135 gold pieces
  2584 | D        | Noticed a cane toad
  2584 | D        | Noticed a komodo dragon
  2584 | D        | Noticed a cane toad
  2590 | D        | Killed a cane toad
  2591 | D        | Reached skill level 1 in Shields
  2596 | D        | Killed a cane toad
  2612 | D        | Killed a komodo dragon
  2916 | D        | Noticed a rime drake
  2921 | D        | Killed a rime drake
  2922 | D        | Reached XP level 10. HP: 106/106 MP: 9/9
  2950 | D        | Reached skill level 5 in Shields
  3436 | D        | Noticed a lindwurm
  3445 | D        | Killed a lindwurm
  3464 | D        | HP: 5/111 [poisoned by a redback]
  3862 | D        | Noticed Urug
  3878 | D        | Killed Urug
  4036 | D        | Noticed Sigmund
  4036 | D        | Noticed Edmund
  4070 | D        | Killed Sigmund
  4071 | D        | Reached XP level 11. HP: 13/122 MP: 10/10
  4071 | D        | Killed Edmund
  4384 | D        | Noticed an orc high priest
  4387 | D        | Noticed an orc sorcerer
  4388 | D        | Noticed a sixfirhy
  4403 | D        | Killed an orc high priest
  4406 | D        | Killed an orc sorcerer
  4422 | D        | Reached skill level 10 in Shields
  4426 | D        | Found Qeotoumuu's Jewellery Boutique.
  4514 | D        | Bought a +5 ring of evasion for 360 gold pieces
  4514 | D        | Bought a ring of willpower for 250 gold pieces
  4522 | D        | Noticed a deep elf knight
  4522 | D        | Noticed a deep elf zephyrmancer
  4522 | D        | Noticed a deep elf pyromancer
  4522 | D        | Noticed a deep elf pyromancer
  4522 | D        | Noticed a deep elf zephyrmancer
  4550 | D        | Killed a deep elf zephyrmancer
  4551 | D        | Reached skill level 15 in Fighting
  4554 | D        | Killed a deep elf knight
  4556 | D        | Killed a deep elf pyromancer
  4557 | D        | Reached skill level 15 in Armour
  4558 | D        | Killed a deep elf pyromancer
  4564 | D        | Killed a deep elf zephyrmancer
  4565 | D        | Noticed a deep elf annihilator
  4645 | D        | Noticed a sun demon
  4649 | D        | Noticed a soul eater
  5101 | D        | Noticed an obsidian statue
  5113 | D        | Noticed a sixfirhy
  5115 | D        | Killed an obsidian statue
  5127 | D        | Found Cuown's Distillery.
  5127 | D        | Found Muzoryr's Weapon Shop.
  5127 | D        | Found Oryoco's Magic Scroll Shoppe.
  5127 | D        | Found Jimovuyr's Antique Armour Boutique.
  5127 | D        | Found Reupn's Book Emporium.
  5127 | D        | Found Dagaoseh's Jewellery Emporium.
  5127 | D        | Found Voifue's Antique Armour Boutique.
  5128 | D        | Found Fexkyvvi's Assorted Antiques.
  5128 | D        | Found Vutest's Antique Armour Shoppe.
  5128 | D        | Found Podd's Antique Weapon Shop.
  5128 | D        | Found Isaprip's Magic Scroll Emporium.
  5164 | D        | Bought a scroll of magic mapping for 105 gold pieces
  5164 | D        | Bought a scroll of fog for 56 gold pieces
  5164 | D        | Bought a scroll of blinking for 105 gold pieces
  5164 | D        | Bought a scroll of enchant weapon for 105 gold pieces
  5167 | D        | Bought a runed scimitar for 175 gold pieces
  5173 | D        | Bought a scroll of identify for 48 gold pieces
  5173 | D        | Bought a scroll labelled LUDEFAIB BUZAE for 24 gold pieces
  5173 | D        | Bought a scroll of enchant weapon for 180 gold pieces
  5173 | D        | Bought a sedimented pink potion for 21 gold pieces
  5173 | D        | Bought a scroll labelled TIECHIY PONID for 24 gold pieces
  5173 | D        | Bought a potion of mutation for 192 gold pieces
  5173 | D        | Bought a glowing great sword for 228 gold pieces
  5173 | D        | Bought a blue potion for 21 gold pieces
  5183 | D        | Bought a potion of berserk rage for 60 gold pieces
  5183 | D        | Bought a potion of degeneration for 12 gold pieces
  5183 | D        | Bought a potion of brilliance for 48 gold pieces
  5183 | D        | Bought a potion of curing for 36 gold pieces
  5183 | D        | Bought a potion of curing for 36 gold pieces
  5183 | D        | Bought a potion of might for 48 gold pieces
  5188 | D        | Bought 2 silver javelins for 234 gold pieces
  5188 | D        | Bought 5 atropa-tipped darts for 58 gold pieces
  5189 | D        | Bought a scroll of fog for 52 gold pieces
  5189 | D        | Bought a scroll of fog for 52 gold pieces
  5189 | D        | Bought a scroll of silence for 123 gold pieces
  5191 | D        | Bought the macabre finger necklace {Finger+ rN+} for 400
                  | gold pieces
  5191 | D        | Found the macabre finger necklace {Finger+ rN+}
  5191 | D        | Bought the ring "Vamnuceg" {Wiz Str+5 Slay+3} for 601 gold
                  | pieces
  5198 | D        | Bought a shiny chain mail for 172 gold pieces
  5198 | D        | Bought a shiny kite shield for 172 gold pieces
  5198 | D        | Bought a runed chain mail for 172 gold pieces
  5203 | D        | Upgraded the game from 0.30-a0-883-g5ad918d77d to
                  | 0.30-a0-913-g9934a0ce24
  5373 | D        | Noticed a wolf spider
  5374 | D        | a wolf spider changed into a slime creature
  5378 | D        | a slime creature changed into an ice dragon
  5378 | D        | Noticed an ice dragon (glowing shapeshifter)
  5382 | D        | Killed an ice dragon
  5383 | D        | Reached skill level 15 in Dodging
  5383 | D        | Reached XP level 12. HP: 126/134 MP: 11/11
  5783 | D        | Noticed a centaur warrior
  5787 | D        | Killed a centaur warrior
  5807 | D        | Noticed a fire dragon
  5819 | D        | Killed a fire dragon
  6493 | D        | Bought a scroll of identify for 26 gold pieces
  6493 | D        | Bought a scroll of identify for 26 gold pieces
  6493 | D        | Bought a scroll of identify for 26 gold pieces
  6533 | D        | Noticed a yaktaur captain
  6575 | D        | Killed a yaktaur captain
  6615 | D        | Noticed Chuck
  6632 | D        | Killed Chuck
  7077 | D        | Noticed Rupert
  7090 | D        | Killed Rupert
  7466 | D        | Noticed a death yak
  7466 | D        | Noticed a death yak
  7469 | D        | Noticed a death yak
  7471 | D        | Killed a death yak
  7473 | D        | Noticed a death yak
  7476 | D        | Killed a death yak
  7481 | D        | Killed a death yak
  7484 | D        | Killed a death yak
  7497 | D        | Noticed an azure jelly
  7497 | D        | Noticed an azure jelly
  7524 | D        | Noticed an anaconda
  7524 | D        | Noticed an anaconda
  7533 | D        | Killed an anaconda
  7534 | D        | Reached XP level 13. HP: 135/147 MP: 12/12
  7724 | D        | Reached skill level 15 in Shields
  8035 | D        | Noticed a nagaraja
  8036 | D        | Found Iliwk's Jewellery Boutique.
  8036 | D        | Found Pais's Magic Scroll Emporium.
  8043 | D        | Found Seeruypo's Antique Armour Shop.
  8055 | D        | Killed a nagaraja
  8345 | D        | Got a serpentine rune of Zot
  8413 | D        | Bought a pair of slimy boots for 209 gold pieces
  8413 | D        | Identified the +2 pair of boots "Xieh" {Harm} (You bought
                  | it in a shop in the Dungeon)
  8418 | D        | Bought a scroll of enchant armour for 105 gold pieces
  8418 | D        | Bought a scroll of acquirement for 728 gold pieces
  8418 | D        | Bought a scroll of blinking for 105 gold pieces
  9051 | D        | Found a blossoming altar of Fedhas.
  9097 | D        | Noticed a kraken
  9115 | D        | Killed a kraken
  9466 | D        | Found Quolocas's Book Emporium.
  9466 | D        | Found Dauckif's Magic Scroll Shop.
  9466 | D        | Found Cewi's Antique Armour Boutique.
  9619 | D        | Got a barnacled rune of Zot
  9621 | D        | Bought a scroll of fog for 48 gold pieces
  9621 | D        | Bought a scroll of blinking for 90 gold pieces
  9621 | D        | Bought a scroll of blinking for 90 gold pieces
  9623 | D        | Bought a pair of runed boots for 232 gold pieces
  9623 | D        | Bought a shimmering chain mail for 294 gold pieces
  9623 | D        | Identified the +5 chain mail of Altruism {rPois rN+} (You
                  | bought it in a shop in the Dungeon)
  9623 | D        | Bought a pair of glowing gloves for 232 gold pieces
 10194 | D        | Noticed an azure jelly
 10194 | D        | Noticed an azure jelly
 10196 | D        | Noticed a dire elephant
 10196 | D        | Noticed a dire elephant
 10196 | D        | Noticed Gastronok
 10201 | D        | Killed a dire elephant
 10202 | D        | Reached skill level 1 in Evocations
 10212 | D        | Killed a dire elephant
 10232 | D        | Killed Gastronok
 10275 | D        | Killed an azure jelly
 10281 | D        | Killed an azure jelly
 10284 | D        | Killed an azure jelly
 10289 | D        | Killed an azure jelly
 10389 | D        | Bought a potion of heal wounds for 75 gold pieces
 10389 | D        | Bought a potion of might for 60 gold pieces
 10389 | D        | Bought a potion of curing for 45 gold pieces
 10389 | D        | Bought a potion of mutation for 120 gold pieces
 10389 | D        | Bought 2 potions of heal wounds for 150 gold pieces
 10389 | D        | Bought 2 potions of mutation for 240 gold pieces
 10447 | D        | Reached XP level 14. HP: 138/163 MP: 13/13
 10638 | D        | Acquired the +1 cloak of Lightning Storm {Str+3 Dex+6}
 10651 | D        | Acquired the +9 demon blade of Uttyott {flame, Str+6}
 10670 | D        | Bought a brightly glowing plate armour for 840 gold pieces
 10670 | D        | Identified the +3 plate armour of Inquiry {*Slow rPois
                  | Will+} (You bought it in a shop in the Dungeon)
 10670 | D        | Bought a slimy cloak for 285 gold pieces
 10670 | D        | Identified the +0 cloak "Cauzahaa" {rC- Dex+4} (You bought
                  | it in a shop in the Dungeon)
 10677 | D        | Bought a potion of cancellation for 160 gold pieces
 10677 | D        | Bought a potion of curing for 60 gold pieces
 10677 | D        | Bought a potion of cancellation for 160 gold pieces
 10677 | D        | Bought 2 potions of mutation for 320 gold pieces
 10677 | D        | Bought a potion of curing for 60 gold pieces
 10677 | D        | Bought a potion of flight for 60 gold pieces
 10696 | D        | Noticed Sojobo
 10701 | D        | Paralysed by an air elemental for 1 turns
 10724 | D        | Killed Sojobo
 10725 | D        | Reached skill level 5 in Evocations
 10844 | D        | Noticed a lich
 10851 | D        | Killed a lich
 10970 | D        | Noticed a shadow dragon
 10970 | D        | Noticed a shadow dragon
 10997 | D        | Killed a shadow dragon
 11007 | D        | Killed a shadow dragon
 11245 | D        | Noticed a frost giant
 11245 | D        | Noticed a frost giant
 11245 | D        | Noticed a fire giant
 11245 | D        | Noticed a shadow dragon
 11245 | D        | Noticed a fire giant
 11245 | D        | Noticed a quicksilver dragon
 11245 | D        | Noticed a shadow dragon
 11290 | D        | Killed a fire giant
 11294 | D        | Killed a frost giant
 11316 | D        | Killed a frost giant
 11335 | D        | Killed a fire giant
 11376 | D        | Killed a shadow dragon
 11376 | D        | Identified the +7 morningstar of Kismet {drain, Dex+7}
 11500 | D        | Killed a quicksilver dragon
 11665 | D        | Killed a shadow dragon
 11777 | D        | an iron troll changed into a sphinx
 11777 | D        | Noticed a sphinx (glowing shapeshifter)
 11779 | D        | Killed a sphinx
 11798 | D        | Noticed a fire giant
 11806 | D        | Killed a fire giant
 11807 | D        | Reached XP level 15. HP: 178/178 MP: 14/14
 12061 | D        | Got a silver rune of Zot
 12279 | D        | Bought a potion of mutation for 104 gold pieces
 12360 | D        | Reached skill level 10 in Evocations
 12428 | D        | Noticed a lich
 12442 | D        | Killed a lich
 12692 | D        | Identified the +0 chain mail "Vyil" {-Tele Will+ Regen+
                  | Dex+4}
 12692 | D        | Identified the ring "Tinoxuf" {*Corrode Drain rN+++ Int+6
                  | Dex+5}
 12693 | D        | Identified the +12 mace "Xom's Bemusement" {speed, rF+ rN+
                  | Int-2}
 12695 | D        | Noticed a deep elf master archer
 12704 | D        | Killed a deep elf master archer
 12921 | D        | Acquired the +1 pair of boots "Coixeat" {rElec}
 12934 | D        | Identified the ring "Vismed" {Fly Dex+6}
 12934 | D        | Identified the ring "Qanuh" {rF+ MP+9 Str+3 Dex+2 SInv}
 12934 | D        | Identified the staff of conjuration "Qeewou Giaph" {Int+3}
 13164 | D        | Reached skill level 27 in Long Blades
 13185 | D        | Noticed Azrael
 13189 | D        | Killed Azrael
 13224 | D        | Acquired a manual of Unarmed Combat
 13276 | D        | Paralysed by an air elemental for 1 turns
 13414 | D        | Noticed Boris
 13424 | D        | Killed Boris
 14050 | D        | Found Ijebb's Distillery.
 14050 | D        | Found Ahiwaoj's Armour Shop.
 14050 | D        | Found Ofoti's Armour Shop.
 14050 | D        | Found Ejaedy's Armour Shoppe.
 14072 | D        | Bought a potion of experience for 650 gold pieces
 14072 | D        | Bought a potion of curing for 39 gold pieces
 14072 | D        | Bought a potion of curing for 39 gold pieces
 14072 | D        | Bought a potion of curing for 39 gold pieces
 14072 | D        | Bought a potion of haste for 130 gold pieces
 14072 | D        | Bought a potion of curing for 39 gold pieces
 14072 | D        | Bought a potion of heal wounds for 65 gold pieces
 14072 | D        | Bought a potion of resistance for 130 gold pieces
 14072 | D        | Bought a potion of resistance for 130 gold pieces
 14083 | D        | Identified Roxanne's Codex of Metal
 14083 | D        | Noticed Roxanne
 14093 | D        | Killed Roxanne
 14415 | D        | Noticed Mara
 14421 | D        | Noticed rocky1's illusion
 14431 | D        | Killed Mara
 14493 | D        | Noticed an ancient champion
 14497 | D        | Killed an ancient champion
 14677 | D        | Noticed Nikola
 14677 | D        | Noticed a storm dragon
 14686 | D        | Killed a storm dragon
 14698 | D        | Killed Nikola
 14699 | D        | Reached XP level 16. HP: 132/195 MP: 15/15
 14835 | D        | Found Raurrav's Armour Boutique.
 15054 | D        | Bought a scorched long sword for 238 gold pieces
 15054 | D        | Identified the +1 long sword of Xaiprip {pain, rPois rF-
                  | Str+4} (You bought it in a shop in the Dungeon)
 15058 | D        | Bought the ring of Foemu {Fly Will++} for 423 gold pieces
 15063 | D        | Bought the dreamshard necklace {*Dream Drain} for 2200 gold
                  | pieces
 15063 | D        | Found the dreamshard necklace {*Dream Drain}
 15211 | D        | Noticed an Executioner
 15214 | D        | Killed an Executioner
 15281 | D        | Noticed Nessos
 15292 | D        | Killed Nessos
 15406 | D        | Gained mutation: You occasionally lose the ability to read
                  | scrolls when taking damage. [a shining eye]
 15412 | D        | Gained mutation: Armour fits poorly on your strangely
                  | shaped body. [a shining eye]
 15413 | D        | Gained mutation: You are dopey. (Int -2) [a shining eye]
 15415 | D        | Gained mutation: You are very dopey. (Int -4) [a shining
                  | eye]
 15437 | D        | Lost mutation: You are robust. (+10% HP) [potion of
                  | mutation]
 15437 | D        | Lost mutation: You are partially covered in iridescent
                  | scales. (AC +2) [potion of mutation]
 15437 | D        | Gained mutation: Your spells are a little harder to cast,
                  | but a little more powerful. [potion of mutation]
 15437 | D        | Gained mutation: You sometimes lose the ability to read
                  | scrolls when taking damage. [potion of mutation]
 15437 | D        | Gained mutation: You have sharp fingernails. [potion of
                  | mutation]
 15438 | D        | Lost mutation: You possess an exceptional clarity of mind.
                  | [potion of mutation]
 15438 | D        | Lost mutation: Your flesh is cold resistant. (rC+) [potion
                  | of mutation]
 15438 | D        | Lost mutation: You are very dopey. (Int -4) [potion of
                  | mutation]
 15438 | D        | Gained mutation: You have large cloven feet. [potion of
                  | mutation]
 15438 | D        | Gained mutation: You are clumsy. (Dex -2) [potion of
                  | mutation]
 15438 | D        | Gained mutation: You have a pair of large horns on your
                  | head. [potion of mutation]
 15439 | D        | Lost mutation: You are dopey. (Int -2) [potion of mutation]
 15439 | D        | Lost mutation: You are clumsy. (Dex -2) [potion of
                  | mutation]
 15439 | D        | Gained mutation: You have hidden genetic potential. [potion
                  | of mutation]
 15439 | D        | Gained mutation: You have hoof-like feet. [potion of
                  | mutation]
 15440 | D        | Lost mutation: Armour fits poorly on your strangely shaped
                  | body. [potion of mutation]
 15440 | D        | Lost mutation: You have a pair of large horns on your head.
                  | [potion of mutation]
 15440 | D        | Lost mutation: You have hoof-like feet. [potion of
                  | mutation]
 15440 | D        | Lost mutation: You have hidden genetic potential. [potion
                  | of mutation]
 15440 | D        | Gained mutation: You do not regenerate when monsters are
                  | visible. [potion of mutation]
 15440 | D        | Gained mutation: Your mind is acute. (Int +4, Str/Dex -1)
                  | [potion of mutation]
 15440 | D        | Gained mutation: Your skin changes colour to match your
                  | surroundings (Stealth+). [potion of mutation]
 15441 | D        | Lost mutation: You have large cloven feet. [potion of
                  | mutation]
 15441 | D        | Lost mutation: You sometimes lose the ability to read
                  | scrolls when taking damage. [potion of mutation]
 15441 | D        | Gained mutation: Your skin blends seamlessly with your
                  | surroundings (Stealth++). [potion of mutation]
 15441 | D        | Gained mutation: You have hidden genetic potential. [potion
                  | of mutation]
 15442 | D        | Lost mutation: Your spells are a little harder to cast, but
                  | a little more powerful. [potion of mutation]
 15442 | D        | Lost mutation: Your skin blends seamlessly with your
                  | surroundings (Stealth++). [potion of mutation]
 15442 | D        | Lost mutation: You have sharp fingernails. [potion of
                  | mutation]
 15442 | D        | Gained mutation: You expend magic power (3 MP) to
                  | strengthen your wands. [potion of mutation]
 15442 | D        | Gained mutation: You are weak. (Str -2) [potion of
                  | mutation]
 15442 | D        | Gained mutation: You sometimes lose your temper in combat.
                  | [potion of mutation]
 15443 | D        | Lost mutation: You expend magic power (3 MP) to strengthen
                  | your wands. [potion of mutation]
 15443 | D        | Lost mutation: Your skin changes colour to match your
                  | surroundings (Stealth+). [potion of mutation]
 15443 | D        | Lost mutation: You sometimes lose your temper in combat.
                  | [potion of mutation]
 15443 | D        | Gained mutation: Your spells are a little harder to cast,
                  | but a little more powerful. [potion of mutation]
 15443 | D        | Gained mutation: You have sharp toenails. [potion of
                  | mutation]
 15444 | D        | Lost mutation: Your spells are a little harder to cast, but
                  | a little more powerful. [potion of mutation]
 15444 | D        | Lost mutation: You do not regenerate when monsters are
                  | visible. [potion of mutation]
 15444 | D        | Lost mutation: You have sharp toenails. [potion of
                  | mutation]
 15444 | D        | Gained mutation: You are frail. (-10% HP) [potion of
                  | mutation]
 15444 | D        | Gained mutation: A frigid envelope surrounds you and
                  | freezes all who hurt you. [potion of mutation]
 15445 | D        | Lost mutation: A frigid envelope surrounds you and freezes
                  | all who hurt you. [potion of mutation]
 15445 | D        | Lost mutation: You are frail. (-10% HP) [potion of
                  | mutation]
 15445 | D        | Lost mutation: Your mind is acute. (Int +4, Str/Dex -1)
                  | [potion of mutation]
 15445 | D        | Gained mutation: You are dopey. (Int -2) [potion of
                  | mutation]
 15446 | D        | Lost mutation: You are dopey. (Int -2) [potion of mutation]
 15446 | D        | Lost mutation: You have hidden genetic potential. [potion
                  | of mutation]
 15446 | D        | Gained mutation: You are frail. (-10% HP) [potion of
                  | mutation]
 15446 | D        | Gained mutation: You are partially covered in iridescent
                  | scales. (AC +2) [potion of mutation]
 15551 | D        | Noticed a deep elf blademaster
 15552 | D        | Noticed a deep elf blademaster
 15563 | D        | Killed a deep elf blademaster
 15573 | D        | Killed a deep elf blademaster
 15624 | D        | Bought a scroll of poison for 64 gold pieces
 15624 | D        | Bought a scroll of blinking for 120 gold pieces
 15624 | D        | Bought a scroll of vulnerability for 64 gold pieces
 15624 | D        | Bought a scroll of blinking for 120 gold pieces
 15624 | D        | Bought a scroll of enchant weapon for 120 gold pieces
 15651 | D        | Noticed a Killer Klown
 15675 | D        | a Killer Klown changed into a titan
 15675 | D        | Noticed a titan
 15682 | D        | Killed a titan
 15799 | D        | Noticed an Orb Guardian
 15799 | D        | Noticed an Orb Guardian
 15803 | D        | Killed an Orb Guardian
 15804 | D        | Reached skill level 15 in Evocations
 15809 | D        | Killed an Orb Guardian
 15888 | D        | Noticed an ancient lich
 15903 | D        | Killed an ancient lich
 16033 | D        | Noticed a storm dragon
 16038 | D        | Killed a storm dragon
 16394 | D        | Reached skill level 27 in Fighting
 16896 | D        | Noticed Mennas
 16910 | D        | Killed Mennas
 16911 | D        | Reached skill level 27 in Armour
 17112 | D        | Reached XP level 17. HP: 171/171 MP: 16/16
 17290 | D        | Noticed Nellie
 17294 | D        | Got a demonic rune of Zot
 17310 | D        | Killed Nellie
 17444 | D        | Found the +1 robe of Vines {NoPotionHeal Regen++++}
 17446 | D        | Noticed an acid blob
 17451 | D        | Killed an acid blob
 17466 | D        | Gained mutation: You are clumsy. (Dex -2) [a shining eye]
 17698 | D        | Paralysed by a floating eye for 3 turns
 18157 | D        | Paralysed by a floating eye for 3 turns
 18161 | D        | Gained mutation: Your body sometimes deteriorates upon
                  | taking damage. [a shining eye]
 18166 | D        | Gained mutation: You are very weak. (Str -4) [a shining
                  | eye]
 18168 | D        | Paralysed by a floating eye for 3 turns
 18281 | D        | Found a viscous altar of Jiyva.
 18281 | D        | Noticed the Royal Jelly
 18300 | D        | Noticed an acid blob
 18301 | D        | Noticed an acid blob
 18303 | D        | Noticed an acid blob
 18317 | D        | Killed an acid blob
 18328 | D        | Killed the Royal Jelly
 18348 | D        | Killed an acid blob
 18353 | D        | Killed an acid blob
 18596 | D        | Got a slimy rune of Zot
 19004 | D        | Paralysed by a sphinx for 2 turns
 19445 | D        | Reached skill level 27 in Shields
 19451 | D        | Reached skill level 5 in Throwing
 19451 | D        | Reached XP level 18. HP: 102/180 MP: 17/17
 19625 | D        | Lost mutation: You are frail. (-10% HP) [mutagenic glow]
 19807 | D        | Noticed a royal mummy
 19809 | D        | Reached skill level 27 in Dodging
 19831 | D        | Killed a royal mummy
 20376 | D        | Identified the +1 morningstar of Kogrihuv {venom, Dex+6}
 20376 | D        | Noticed a royal mummy
 20393 | D        | Killed a royal mummy
 20394 | D        | Reached skill level 10 in Throwing
 20404 | D        | Got a golden rune of Zot
 20419 | D        | Acquired 252 gold pieces
 20423 | D        | Acquired the +0 tower shield of the World {Rampage rElec
                  | Str-3 Slay+4}
 20425 | D        | Acquired 912 gold pieces
 20429 | D        | Acquired a manual of Evocations
 20433 | D        | Acquired 952 gold pieces
 20699 | D        | Bought a +4 ring of slaying for 858 gold pieces
 20715 | D        | Noticed Geryon
 20777 | D        | Killed Geryon
 20911 | D        | Noticed the Serpent of Hell
 20918 | D        | Noticed a Brimstone Fiend
 20924 | D        | Killed the Serpent of Hell
 20926 | D        | Killed a Brimstone Fiend
 21143 | D        | Bought a +0 pair of gloves of strength for 161 gold pieces
 21145 | D        | Bought a potion of mutation for 136 gold pieces
 21145 | D        | Bought a potion of curing for 51 gold pieces
 21145 | D        | Bought a potion of haste for 170 gold pieces
 21145 | D        | Bought a potion of haste for 170 gold pieces
 21145 | D        | Bought a potion of might for 68 gold pieces
 21258 | D        | Noticed an Ice Fiend
 21265 | D        | Killed an Ice Fiend
 21266 | D        | Reached skill level 15 in Throwing
 21268 | D        | Identified the ring "Esmot" {Str+2 Dex+6 SInv}
 21407 | D        | Noticed an Ice Fiend
 21413 | D        | Killed an Ice Fiend
 21563 | D        | Noticed Antaeus
 21607 | D        | Killed Antaeus
 21611 | D        | Got an icy rune of Zot
 22021 | D        | Noticed an Ice Fiend
 22024 | D        | Killed an Ice Fiend
 22178 | D        | Noticed an Ice Fiend
 22182 | D        | Killed an Ice Fiend
 22183 | D        | Identified the ring "Oddylin" {rPois rC++ Str+3 Int-4}
 22194 | D        | Noticed an Ice Fiend
 22197 | D        | Killed an Ice Fiend
 22348 | D        | Identified the +1 mace "Fekuc" {drain, Str+2 Int+4 Stlth+}
 22348 | D        | Identified the +3 arbalest of Karma {penet, Str+5 Stlth+}
 22351 | D        | Got an obsidian rune of Zot
 22634 | D        | Noticed an iron giant
 22640 | D        | Killed an iron giant
 22714 | D        | Noticed a Hell Sentinel
 22721 | D        | Killed a Hell Sentinel
 22729 | D        | Identified the +2 pair of boots of Vlad {Fly rCorr SInv}
 22729 | D        | Identified the +2 pair of boots of the Pit {rF+ rC+ rN+
                  | Regen+}
 22896 | D        | Noticed a Hell Sentinel
 22899 | D        | Noticed Dispater
 22900 | D        | Killed a Hell Sentinel
 22902 | D        | Noticed a Hell Sentinel
 22902 | D        | Noticed a Hell Sentinel
 22908 | D        | Killed a Hell Sentinel
 22918 | D        | Noticed a Hell Sentinel
 22925 | D        | Noticed a Hell Sentinel
 22928 | D        | Killed Dispater
 23198 | D        | Got an iron rune of Zot
 23264 | D        | Noticed Gloorx Vloq
 23288 | D        | HP: 3/300 [Gloorx Vloq/poison arrow (26)]
 23290 | D        | Killed Gloorx Vloq
 23293 | D        | HP: 4/300 [poisoned by Gloorx Vloq (poison arrow)]
 23578 | D        | Noticed a royal mummy
 23587 | D        | Killed a royal mummy
 23588 | D        | Reached XP level 19. HP: 60/207 MP: 18/18
 23884 | D        | Reached skill level 27 in Evocations
 24153 | D        | Identified the ring of Yredelemnul's Fury {Fly Str+3 Int+4}
 24153 | D        | Noticed a royal mummy
 24156 | D        | Noticed Ereshkigal
 24159 | D        | Killed a royal mummy
 24160 | D        | Noticed a royal mummy
 24161 | D        | Noticed a Tzitzimitl
 24169 | D        | Noticed a Tzitzimitl
 24173 | D        | Noticed a Tzitzimitl
 24181 | D        | Killed Ereshkigal
 24187 | D        | Killed a royal mummy
 24947 | D        | Got a bone rune of Zot
 24949 | D        | Got the Secrets of Direction and Contamination
 25069 | D        | Lost mutation: You occasionally lose the ability to read
                  | scrolls when taking damage. [potion of mutation]
 25069 | D        | Lost mutation: You are clumsy. (Dex -2) [potion of
                  | mutation]
 25069 | D        | Lost mutation: You are partially covered in iridescent
                  | scales. (AC +2) [potion of mutation]
 25069 | D        | Gained mutation: You are somewhat resistant to further
                  | mutation. [potion of mutation]
 25199 | D        | Found the +4 dragonskin cloak
 25199 | D        | Noticed Tiamat
 25216 | D        | Killed Tiamat
 25217 | D        | Reached skill level 27 in Throwing
 25233 | D        | Noticed an orb of fire
 25237 | D        | Killed an orb of fire
 25250 | D        | Gained mutation: Your magical capacity is low. (-10% MP)
                  | [mutagenic glow]
 25257 | D        | Got the Orb of Zot
 25269 | D        | Gained mutation: You are vulnerable to heat. (rF-)
                  | [mutagenic glow]
 25287 | D        | Gained mutation: You occasionally lose the ability to read
                  | scrolls when taking damage. [mutagenic glow]
 25301 | D        | Noticed a Brimstone Fiend
 25304 | D        | Gained mutation: You occasionally lose the ability to drink
                  | potions when taking damage. [mutagenic glow]
 25306 | D        | Killed a Brimstone Fiend
 25307 | D        | Reached skill level 10 in Stealth
 25344 | D        | Gained mutation: You sometimes lose the ability to drink
                  | potions when taking damage. [mutagenic glow]
 25350 | D        | Noticed Hintunug the pandemonium lord
 25359 | D        | Killed Hintunug the pandemonium lord
 25368 | D        | Noticed Hutz the pandemonium lord
 25377 | D        | Killed Hutz the pandemonium lord
 25378 | D        | Reached skill level 15 in Stealth
 25428 | D        | Noticed Byustysm the pandemonium lord
 25440 | D        | Killed Byustysm the pandemonium lord
 25616 | D        | Escaped with the Orb!

Illustrated notes

Levels and vault maps discovered:
D:        dungeon_sprint_mu [sprint_mu_entry_cave, sprint_mu_temple_rooms,
          sprint_mu_d1_spiders, sprint_mu_d2_genie, sprint_mu_d3_branching,
          sprint_mu_orc_legion, sprint_mu_elf_gauntlet, sprint_mu_hive_nellie,
          sprint_mu_lair_fedhas, sprint_mu_vaults_butterflies,
          sprint_mu_slime_circle, sprint_mu_shoals_kraken,
          sprint_mu_snake_twists, sprint_mu_blade_basic,
          sprint_mu_crypt_fortress, sprint_mu_tomb_spiral,
          sprint_mu_vestibule_basic, sprint_mu_gehenna_hellfire,
          sprint_mu_dis_giant, sprint_mu_tartarus_statrot,
          sprint_mu_cocytus_islands, sprint_mu_zot1]

Skill      XL: |  1  2  3  4  5  6  7  8  9 10 11 12 13 14 15 16 17 18 19 |
---------------+----------------------------------------------------------+-----
Long Blades    | 8 9 11 15 16 17 18 20 21 22 24 26 27 | 27.0
Fighting       | 6 8 10 12 14 16 18 20 22 25 27 | 27.0
Armour         | 5 7 10 11 14 15 18 20 22 25 27 | 27.0
Dodging        | 6 7 9 11 13 15 16 18 20 23 25 26 27 | 27.0
Shields        | 4 9 11 14 17 20 23 25 27 | 27.0
Evocations     | 4 9 13 16 18 26 27 | 27.0
Throwing       | 4 5 22 27 | 27.0
Stealth        | 16 | 16.7

Action                     |  1- 3 |  4- 6 |  7- 9 | 10-12 | 13-15 | 16-18 | 19-21 || total
---------------------------+-------+-------+-------+-------+-------+-------+-------++-------
  Melee: Long sword        |    25 |    30 |   139 |   100 |       |       |       ||   294
         Headbutt          |     7 |     7 |    33 |    77 |   237 |   204 |    43 ||   608
         Punch             |       |       |     3 |       |       |       |       ||     3
         Double sword      |       |       |       |   269 |   759 |   434 |   131 ||  1593
         Demon blade       |       |       |       |       |     2 |    17 |       ||    19
         Eudemon blade     |       |       |       |       |       |   132 |       ||   132
  Throw: Throwing net      |     2 |       |       |       |       |       |       ||     2
         Javelin           |       |     1 |       |     7 |       |       |       ||     8
         Dart              |       |       |       |       |     7 |       |       ||     7
 Invoke: Call Merchant     |       |       |     1 |       |     4 |     7 |       ||    12
         Potion Petition   |       |       |       |     3 |       |     5 |     2 ||    10
  Evoke: Condenser vane    |       |       |       |       |     1 |     1 |       ||     2
         Wand              |       |       |       |       |       |     3 |     1 ||     4
    Use: Potion            |     1 |     2 |     1 |     3 |     4 |    27 |     2 ||    40
         Scroll            |       |       |       |    11 |    10 |    16 |     2 ||    39
   Stab: Held in net/web   |     1 |       |       |       |       |       |       ||     1
         Distracted        |       |       |     1 |     1 |     7 |     6 |     2 ||    17
         Confused          |       |       |     1 |       |       |       |       ||     1
         Invisible         |       |       |       |       |       |     5 |       ||     5
         Sleeping          |       |       |       |       |       |       |     1 ||     1
 Armour: Leather armour    |     3 |       |       |       |       |       |       ||     3
         Robe              |     1 |     3 |     4 |       |       |       |       ||     8
         Scale mail        |       |       |     4 |    60 |    24 |       |       ||    88
         Chain mail        |       |       |       |       |   122 |   102 |    22 ||   246
  Dodge: Dodged            |    11 |    10 |    56 |   137 |   332 |   361 |    65 ||   972
  Block: Kite shield       |       |       |    10 |   123 |   157 |       |       ||   290
         Reflection        |       |       |       |     5 |    22 |     9 |       ||    36
         Tower shield      |       |       |       |       |   431 |   628 |   128 ||  1187

Table legend: (Time is in decaauts) A = Elapsed time spent in this place. B = Non-inter-level travel time spent in this place. C = Inter-level travel time spent in this place. D = Time resting spent in this place. E = Time spent auto-exploring this place. F = Levels seen in this place. G = Mean time per level. A B C D E F G +--------+--------+--------+--------+--------+-----+--------+ Total | 25348 | 23669 | 1679 | 17227 | 31 | 1 | 25348.0 | Dungeon | 25348 | 23669 | 1679 | 17227 | 31 | 1 | 25348.0 | +--------+--------+--------+--------+--------+-----+--------+

Top non-repeatable levels by time:
       D: 25348 daAuts
